 Dungeon Sprint DCSS version 0.14-a0-1378-gf8e6a88 (webtiles) character file.

10684413 Egon the Invulnerable (level 22, 166/233 HPs)
             Began as a Minotaur Fighter on Dec 9, 2013.
             Was the Champion of Okawaru.
             Escaped with the Orb
             ... and 5 runes!
             The game lasted 01:12:00 (15686 turns).

Egon the Invulnerable (Minotaur Fighter)           Turns: 15686, Time: 01:12:00

HP 166/233       AC 36     Str 24      XL: 22   Next: 28%
MP  36/36        EV 33     Int  9      God: Okawaru [******]
Gold 1865        SH 57     Dex 24      Spells:  0 memorised, 56 levels left

rFire  + . .     SeeInvis .     a - +7,+8 double sword (holy)
rCold  . . .     Clarity  .     P - +4 plate armour of Freedom {rF++ Stlth+}
rNeg   + + +     Conserve .     H - +1 elf large shield {rN+}
rPois  .         rCorr    .     L - +1 cap {Int+3}
rElec  .         rRot     .     F - +1 cloak
SustAb . .       Spirit   .     p - +1 pair of gloves
rMut   .         Warding  +     d - +1 pair of boots {run}
Saprov . . .     NoTele   +     D - amulet of warding
                                v - +6 ring of dexterity
                                E - ring of Ekleweq {+Rage rF- rN+ MR Str+1 Int+1}

@: quick, very resistant to hostile enchantments, fairly stealthy
A: retaliatory headbutt, horns 2, blurry vision 1, deterioration 1, herbivore 1,
fast metabolism 2, low mp 1
a: Heroism, Finesse, Renounce Religion, Evoke Berserk Rage
0: Orb of Zot
}: 5/15 runes: decaying, serpentine, barnacled, silver, gossamer


You escaped.
You worshipped Okawaru.
Okawaru was exalted by your worship.
You were not hungry.

You visited 1 branch You collected 1990 gold pieces.
You spent 125 gold pieces at shops.

Inventory:

Hand weapons
 a - a +7,+8 double sword of holy wrath (weapon)
 b - a +4,+0 demon blade of flaming
 r - the +3,+3 falchion of Responsibility {flame, Int+4, unknown}
   (Okawaru gifted it to you in the Dungeon)

   It emits flame when wielded, causing extra injury to most foes and up to
   double damage against particularly susceptible opponents.
   Big, fiery blades are also staple armaments of hydra-hunters.
   It affects your intelligence (+4).
 S - the +7,+3 double sword "Stru Cae" {antimagic, +Inv MR++ Dex-3 Int+2}
   (Okawaru gifted it to you in the Dungeon)

   It disrupts the flow of magical energy around spellcasters and certain
   magical creatures (including the wielder).
   It affects your intelligence (+2).
   It affects your dexterity (-3).
   It affects your resistance to hostile enchantments.
   It lets you turn invisible.
Armour
 d - a +1 pair of boots of running (worn)
 p - a +1 pair of gloves (worn)
 F - a +1 cloak (worn)
 H - a +1 elven large shield of positive energy (worn)
 L - a +1 cap of intelligence (worn)
 M - the +2 pair of boots of the Accordion {Str+3 Dex+5}
   (Okawaru gifted it to you in the Dungeon)

   It affects your strength (+3).
   It affects your dexterity (+5).
 P - the +4 plate armour of Freedom (worn) {rF++ Stlth+}
   (You found it in the Dungeon)

   It greatly protects you from fire.
   It makes you much more stealthy.
Magical devices
 n - a wand of cold (6)
 u - a wand of flame (11)
 y - a wand of hasting (5)
Comestibles
 x - a bread ration
 z - 12 meat rations
Scrolls
 s - 2 scrolls of fog
 G - a scroll of recharging
Jewellery
 c - the amulet "Bemuatoh" {+Rage Dex+2 Int+3}
   (You found it in the Dungeon)

   [amulet of rage]

   It affects your intelligence (+3).
   It affects your dexterity (+2).
 o - the ring of Trinot {rPois Str-1 Int+4}
   (You found it in the Dungeon)

   [ring of poison resistance]

   It affects your strength (-1).
   It affects your intelligence (+4).
 t - a +3 ring of intelligence
 v - a +6 ring of dexterity (right hand)
 B - an uncursed ring of positive energy
 C - an uncursed ring of sustenance
 D - an amulet of warding (around neck)
 E - the ring of Ekleweq (left hand) {+Rage rF- rN+ MR Str+1 Int+1}
   (You found it in the Dungeon)

   [ring of protection from magic]

   It affects your strength (+1).
   It affects your intelligence (+1).
   It makes you vulnerable to fire.
   It protects you from negative energy.
   It lets you go berserk.
 N - a +4 ring of protection
 O - a +6 ring of intelligence
 Y - the amulet "Cliel" {Gourm Str+5 Int+2}
   (You found it in the Dungeon)

   [amulet of the gourmand]

   It affects your strength (+5).
   It affects your intelligence (+2).
Potions
 e - a potion of curing
 g - a potion of speed
 h - 3 potions of magic
 i - 7 potions of berserk rage
 k - a potion of invisibility
 q - 2 potions of might
 w - a potion of agility
 A - a potion of cure mutation
 K - 2 potions of brilliance


   Skills:
 O Level 27 Fighting
   Level 3.5 Short Blades
 O Level 27 Long Blades
 O Level 27 Throwing
 O Level 27 Armour
 O Level 27 Dodging
 O Level 27 Stealth
 O Level 27 Shields
 O Level 27 Unarmed Combat
 + Level 17.6 Spellcasting
 O Level 27 Invocations
 O Level 27 Evocations


You had 56 spell levels left.
You didn't know any spells.

Dungeon Overview and Level Annotations

Branches:
Dungeon (1/1)

Altars:
Ashenzari
Cheibriados
Elyvilon
Fedhas
Kikubaaqudgha
Makhleb
Nemelex Xobeh
Okawaru
Sif Muna
Trog
Vehumet
Xom
Yredelemnul
Zin
the Shining One

Shops:
D %*[!


Innate Abilities, Weirdness & Mutations

You reflexively headbutt those who attack you in melee.
You have a pair of horns on your head.
Your vision is a little blurry.
Your body is slowly deteriorating.
You digest meat inefficiently.
You have a very fast metabolism.
Your magical capacity is low (-10% MP).


Message History

The Orb Guardian is heavily wounded.
You block the Orb Guardian's attack.
You slice the Orb Guardian!! Your headbutt misses the Orb Guardian.
The Orb Guardian is almost dead.
You block the Orb Guardian's attack.
You slash the Orb Guardian!
You kill the Orb Guardian!
Okawaru accepts your kill.
You block the large abomination's attack.
You slash the large abomination!
The large abomination convulses.
You headbutt the large abomination!
The large abomination is severely damaged.
You slash the large abomination!
The large abomination convulses.
You headbutt the large abomination.
The large abomination is almost destroyed.
You slice the large abomination!!
You destroy the large abomination!
Okawaru accepts your kill.
There is a staircase leading out of the dungeon here.
You have escaped!

...[..[[.)).[...[▓
▓▓▓▓▓▓▓▓▓▓▓▓▓▓▓▓[▓
..).........)..[)▓
▓▓▓▓▓▓▓▓▓▓▓▓▓▓▓▓▓▓
..).........)....▓
▓▓▓▓▓▓▓▓▓▓▓▓▓▓▓▓)▓
...............).▓
▓▓▓▓▓▓▓▓▓▓▓▓▓▓▓▓▓▓
.)...).').......@▓
▓▓▓▓▓▓▓▓▓▓▓▓▓▓▓▓▓▓


There were no monsters in sight!

Vanquished Creatures
  4 orbs of fire (D)
  3 ancient liches (D)
  Boris (D)
  Margery (D)
  Norris (D)
  2 Killer Klowns (D)
  Mara (D)
  Mennas (D)
  17 pandemonium lords (D)
  7 golden dragons (D)
  A curse toe (D)
  Jory (D)
  Xtahua (D)
  2 electric golems (D)
  3 Brimstone Fiends (D)
  Frederick (D)
  A bone dragon (D)
  Nikola (D)
  A Hell Sentinel (D)
  A hellephant (D)
  An Ice Fiend (D)
  3 tentacled monstrosities (D)
  6 Shadow Fiends (D)
  A quicksilver dragon (D)
  46 Orb Guardians (D)
  2 Executioners (D)
  5 liches (D)
  3 storm dragons (D)
  5 shadow dragons (D)
  A draconian monk (D)
  Ilsuiw (D)
  A draconian knight (D)
  3 draconian scorchers (D)
  A vault warden (D)
  A draconian zealot (D)
  Louise (D)
  4 ghost moths (D)
  6 cacodemons (D)
  4 emperor scorpions (D)
  2 orc warlords (D)
  A reaper (D)
  2 draconian shifters (D)
  4 greater nagas (D)
  3 stone giants (D)
  2 balrugs (D)
  4 lorocyprocas (D)
  A draconian caller (D)
  2 blizzard demons (D)
  4 white draconians (D)
  3 green deaths (D)
  3 grey draconians (D)
  2 black draconians (D)
  A red draconian (D)
  A merfolk javelineer (D)
  2 mottled draconians (D)
  4 pale draconians (D)
  3 ettins (D)
  3 merfolk impalers (D)
  2 sirens (D)
  5 fire dragons (D)
  25 vault guards (D)
  7 yaktaur captains (D)
  3 ice dragons (D)
  A great orb of eyes (D)
  6 hydras (D)
  2 ironheart preservers (D)
  Josephine (D)
  3 merfolk aquamancers (D)
  5 death yaks (D)
  An anaconda (D)
  An orc high priest (D)
  4 hell hogs (D)
  A tengu warrior (D)
  7 ogre magi (D)
  5 naga warriors (D)
  Urug (D)
  3 centaur warriors (D)
  2 hell knights (D)
  4 soul eaters (D)
  12 sun demons (D)
  5 ice devils (D)
  2 shadow demons (D)
  A sea snake (D)
  4 hell beasts (D)
  An iron troll (D)
  An unseen horror (D)
  6 swamp dragons (D)
  A deep troll (D)
  7 large abominations (D)
  4 giant orange brains (D)
  3 ironbrand convokers (D)
  4 hill giants (D)
  A necromancer (D)
  A hellion (D)
  A giant amoeba (D)
  16 orc knights (D)
  A griffon (D)
  13 moths of wrath (D)
  3 wolf spiders (D)
  2 red wasps (D)
  12 sixfirhies (D)
  Maurice (D)
  2 black mambas (D)
  4 vault sentinels (D)
  2 guardian serpents (D)
  2 tormentors (D)
  14 orange demons (D)
  14 smoke demons (D)
  3 demonic crawlers (D)
  3 yaktaurs (D)
  2 spiny frogs (D)
  15 hellwings (D)
  An orb spider (D)
  13 red devils (D)
  8 blue devils (D)
  A jumping spider (D)
  A naga mage (D)
  2 giant leeches (D)
  5 iron devils (D)
  A two-headed ogre (D)
  4 bog bodies (D)
  2 snapping turtles (D)
  A boulder beetle (D)
  A tarantella (D)
  A tarantella (shapeshifter) (D)
  A trapdoor spider (D)
  7 water elementals (D)
  A basilisk (D)
  A wyvern (D)
  5 merfolk (D)
  A wraith (D)
  7 ynoxinuls (D)
  4 ugly things (D)
  5 redbacks (D)
  An elephant slug (D)
  A toenail golem (D)
  A hungry ghost (D)
  Eustachio (D)
  3 yaks (D)
  4 chaos spawn (D)
  2 vampires (D)
  A human (shapeshifter) (D)
  2 manticores (D)
  7 neqoxecs (D)
  5 hippogriffs (D)
  4 hell hounds (D)
  A porcupine (D)
  3 nagas (D)
  17 orc warriors (D)
  2 small abominations (D)
  A sky beast (D)
  3 crocodiles (D)
  8 rotting devils (D)
  A water moccasin (D)
  A giant slug (D)
  A brain worm (D)
  3 giant frogs (D)
  2 big kobolds (D)
  An agate snail (D)
  An eye of draining (D)
  A quasit (D)
  A crimson imp (D)
  A goliath beetle (D)
  2 hounds (D)
  3 orc priests (D)
  An iron imp (D)
  4 orc wizards (D)
  A worker ant (D)
  A sheep (D)
  4 adders (D)
  A giant centipede (D)
  2 lemures (D)
  5 shadow imps (D)
  A white imp (D)
  A giant mite (D)
  9 ufetubi (D)
  An adder skeleton (D)
  An adder zombie (D)
  A giant eyeball (D)
  A giant gecko (D)
  6 orcs (D)
  2 bats (D)
  2 bat skeletons (D)
  A gnoll zombie (D)
  3 hobgoblins (D)
  3 kobolds (D)
  A giant gecko skeleton (D)
  A giant newt zombie (D)
  A hobgoblin skeleton (D)
  2 hobgoblin zombies (D)
  A jackal (D)
  A kobold skeleton (D)
  3 rats (D)
  A rat skeleton (D)
665 creatures vanquished.

Vanquished Creatures (others)
  A greater naga (D)
  An ogre mage (D)
  A spatial maelstrom (D)
  An orc knight (D)
  A neqoxec (D)
  A naga (D)
  A rotting devil (D)
  A kobold (D)
  A plant (D)
9 creatures vanquished.

Grand Total: 674 creatures vanquished

Notes
Turn   | Place    | Note
--------------------------------------------------------------
     0 | D        | Egon, the Minotaur Fighter, began the quest for the Orb.
     0 | D        | Reached XP level 1. HP: 19/19 MP: 1/1
    10 | D        | Reached skill level 4 in Fighting
    15 | D        | Banished a spatial maelstrom
   128 | D        | Noticed a worker ant
   139 | D        | Killed a worker ant
   139 | D        | Reached XP level 2. HP: 17/28 MP: 1/1
   139 | D        | Reached XP level 3. HP: 20/34 MP: 2/2
   145 | D        | Reached skill level 5 in Shields
   160 | D        | Found a white marble altar of Elyvilon.
   160 | D        | Found a shattered altar of Ashenzari.
   160 | D        | Found a bloodstained altar of Trog.
   160 | D        | Found an iron altar of Okawaru.
   160 | D        | Found a glowing silver altar of Zin.
   160 | D        | Found a shattered altar of Ashenzari.
   160 | D        | Found a blossoming altar of Fedhas.
   161 | D        | Found a radiant altar of Vehumet.
   162 | D        | Found a shimmering altar of Xom.
   163 | D        | Found a deep blue altar of Sif Muna.
   164 | D        | Found a snail-covered altar of Cheibriados.
   165 | D        | Found a basalt altar of Yredelemnul.
   166 | D        | Became a worshipper of Warmaster Okawaru
   203 | D        | Found a glowing golden altar of the Shining One.
   204 | D        | Found an ancient bone altar of Kikubaaqudgha.
   205 | D        | Found a white marble altar of Elyvilon.
   206 | D        | Found a burning altar of Makhleb.
   207 | D        | Found a sparkling altar of Nemelex Xobeh.
   355 | D        | Noticed a two-headed ogre
   355 | D        | Noticed an eye of draining
   355 | D        | Noticed a crimson imp
   356 | D        | Reached skill level 5 in Fighting
   356 | D        | Reached skill level 1 in Long Blades
   368 | D        | Killed a crimson imp
   368 | D        | Reached skill level 5 in Armour
   368 | D        | Reached skill level 1 in Spellcasting
   368 | D        | Reached XP level 4. HP: 39/42 MP: 1/3
   373 | D        | Killed an eye of draining
   373 | D        | Reached skill level 6 in Shields
   378 | D        | Killed a two-headed ogre
   378 | D        | Acquired Okawaru's first power
   378 | D        | Reached skill level 7 in Fighting
   378 | D        | Reached skill level 5 in Long Blades
   378 | D        | Reached skill level 5 in Dodging
   378 | D        | Reached skill level 5 in Unarmed Combat
   378 | D        | Reached XP level 5. HP: 27/52 MP: 0/6
   378 | D        | Reached XP level 6. HP: 31/60 MP: 0/8
   519 | D        | Noticed a hill giant
   519 | D        | Noticed a giant frog
   519 | D        | Noticed a sky beast
   519 | D        | Noticed a big kobold
   519 | D        | Noticed an orc warrior
   525 | D        | Killed an orc warrior
   529 | D        | Killed a big kobold
   537 | D        | Killed a sky beast
   537 | D        | Reached skill level 8 in Fighting
   537 | D        | Reached XP level 7. HP: 54/68 MP: 7/9
   540 | D        | Killed a giant frog
   548 | D        | Killed a hill giant
   548 | D        | Reached skill level 9 in Fighting
   548 | D        | Reached XP level 8. HP: 40/78 MP: 8/9
   778 | D        | Noticed a hound
   778 | D        | Noticed a hippogriff
   778 | D        | Noticed a spiny frog
   778 | D        | Noticed a porcupine
   778 | D        | Noticed a crocodile
   778 | D        | Noticed a hippogriff
   780 | D        | Noticed a crocodile
   783 | D        | Killed a hippogriff
   785 | D        | Killed a crocodile
   789 | D        | Noticed a hound
   793 | D        | Killed a porcupine
   803 | D        | Killed a spiny frog
   803 | D        | Reached skill level 10 in Fighting
   803 | D        | Reached skill level 10 in Shields
   806 | D        | Killed a hippogriff
   806 | D        | Reached skill level 10 in Armour
   810 | D        | Killed a hound
   818 | D        | Killed a crocodile
   820 | D        | Killed a hound
   943 | D        | Noticed a giant frog
   943 | D        | Noticed a crocodile
   943 | D        | Noticed an agate snail
   943 | D        | Noticed a hippogriff
   949 | D        | Noticed a griffon
   949 | D        | Killed a hippogriff
   949 | D        | Reached XP level 9. HP: 86/86 MP: 8/11
   960 | D        | Killed an agate snail
   962 | D        | Killed a crocodile
   965 | D        | Noticed an elephant slug
   965 | D        | Killed a giant frog
   980 | D        | Killed a griffon
   980 | D        | Reached skill level 11 in Fighting
   980 | D        | Reached skill level 10 in Long Blades
  1001 | D        | Killed an elephant slug
  1001 | D        | Acquired Okawaru's second power
  1322 | D        | Noticed a death yak
  1322 | D        | Noticed a yak
  1322 | D        | Noticed a yak
  1322 | D        | Noticed a death yak
  1322 | D        | Noticed a yak
  1322 | D        | Noticed a death yak
  1322 | D        | Noticed a death yak
  1330 | D        | Noticed a death yak
  1331 | D        | Killed a death yak
  1331 | D        | Received a gift from Okawaru
  1331 | D        | Reached skill level 10 in Dodging
  1341 | D        | Killed a death yak
  1341 | D        | Reached skill level 10 in Unarmed Combat
  1341 | D        | Reached XP level 10. HP: 76/97 MP: 10/11
  1351 | D        | Killed a death yak
  1351 | D        | Reached skill level 12 in Fighting
  1369 | D        | Killed a death yak
  1381 | D        | Killed a death yak
  1381 | D        | Reached skill level 1 in Invocations
  1386 | D        | Killed a yak
  1391 | D        | Killed a yak
  1397 | D        | Killed a yak
  1401 | D        | Received a gift from Okawaru
  1402 | D        | Got a twisted dagger {god gift}
  1405 | D        | Identified a +1 pair of boots of running (Okawaru gifted it to you in the Dungeon)
  1663 | D        | Noticed Josephine
  1676 | D        | Killed Josephine
  1676 | D        | Reached skill level 13 in Fighting
  1733 | D        | Noticed an orc priest
  1733 | D        | Noticed an orc priest
  1733 | D        | Noticed an orc warrior
  1763 | D        | Killed an orc priest
  1767 | D        | Killed an orc warrior
  1772 | D        | Noticed an orc warrior
  1772 | D        | Killed an orc priest
  1780 | D        | Noticed an orc priest
  1784 | D        | Killed an orc warrior
  1788 | D        | Killed an orc priest
  1828 | D        | Identified the +10,+4 dagger of War {stab, +Blink Int+3} (Okawaru gifted it to you in the Dungeon)
  1828 | D        | Identified the +10,+4 dagger of War {stab, +Blink Int+3} (Okawaru gifted it to you in the Dungeon)
  1834 | D        | Noticed an orc wizard
  1842 | D        | Killed an orc wizard
  1849 | D        | Noticed an orc wizard
  1876 | D        | Noticed an orc wizard
  1878 | D        | Killed an orc wizard
  1887 | D        | Killed an orc wizard
  1904 | D        | Noticed an orc warrior
  1904 | D        | Noticed an orc knight
  1904 | D        | Noticed an orc high priest
  1904 | D        | Noticed an orc knight
  1904 | D        | Noticed an orc warrior
  1904 | D        | Noticed an orc wizard
  1904 | D        | Noticed an orc warrior
  1942 | D        | Killed an orc warrior
  1948 | D        | Killed an orc warrior
  1949 | D        | Killed an orc wizard
  1957 | D        | Killed an orc high priest
  1957 | D        | Reached XP level 11. HP: 36/107 MP: 10/12
  1973 | D        | Killed an orc knight
  1979 | D        | Killed an orc warrior
  2003 | D        | Killed an orc knight
  2009 | D        | Noticed an orc warrior
  2029 | D        | Killed an orc warrior
  2029 | D        | Received a gift from Okawaru
  2030 | D        | Got a pair of warped boots {god gift}
  2034 | D        | Identified the +0 pair of boots "Uxaroh" {Str-3 Dex+3} (Okawaru gifted it to you in the Dungeon)
  2055 | D        | Noticed an orc warrior
  2057 | D        | Killed an orc warrior
  2316 | D        | Noticed an orc knight
  2350 | D        | Killed an orc knight
  2362 | D        | Noticed an orc warrior
  2374 | D        | Killed an orc warrior
  2538 | D        | Noticed an orc warrior
  2610 | D        | Killed an orc warrior
  2610 | D        | Reached skill level 5 in Invocations
  2694 | D        | Found Hoimpoh's Distillery.
  2694 | D        | Noticed an orc knight
  2694 | D        | Noticed an orc knight
  2694 | D        | Noticed an orc warrior
  2694 | D        | Noticed an orc knight
  2694 | D        | Noticed an orc warrior
  2694 | D        | Noticed an orc warrior
  2696 | D        | Found Katim's Armour Shop.
  2697 | D        | Noticed an orc knight
  2700 | D        | Noticed an orc warrior
  2701 | D        | Killed an orc warrior
  2709 | D        | Killed an orc knight
  2728 | D        | Killed an orc knight
  2729 | D        | Found Jitwu's General Store.
  2739 | D        | Killed an orc knight
  2747 | D        | Killed an orc knight
  2747 | D        | Reached skill level 14 in Fighting
  2749 | D        | Killed an orc warrior
  2750 | D        | Found Zaox's Food Shop.
  2758 | D        | Killed an orc warrior
  2759 | D        | Noticed an orc knight
  2761 | D        | Noticed an orc warrior
  2762 | D        | Noticed an orc knight
  2764 | D        | Killed an orc warrior
  2765 | D        | Noticed an orc warrior
  2776 | D        | Noticed an orc warrior
  2784 | D        | Killed an orc knight
  2803 | D        | Killed an orc knight
  2806 | D        | Killed an orc warrior
  2809 | D        | Killed an orc warrior
  2814 | D        | Killed an orc warrior
  3171 | D        | Bought 2 potions of heal wounds for 72 gold pieces
  3171 | D        | Bought a potion of heal wounds for 36 gold pieces
  3176 | D        | Bought a +0 pair of gloves for 17 gold pieces
  3247 | D        | Noticed Maurice
  3270 | D        | Killed Maurice
  3423 | D        | Noticed a wyvern
  3423 | D        | Noticed a wraith
  3423 | D        | Noticed a giant frog
  3423 | D        | Noticed a big kobold
  3426 | D        | Killed a big kobold
  3428 | D        | Noticed a manticore
  3429 | D        | Killed a giant frog
  3433 | D        | Killed an unseen horror
  3438 | D        | Killed a wraith
  3440 | D        | Noticed a yaktaur
  3444 | D        | Killed a wyvern
  3445 | D        | Noticed an ogre mage
  3450 | D        | Killed a manticore
  3452 | D        | Noticed an ettin
  3456 | D        | Noticed a tarantella
  3456 | D        | Killed a yaktaur
  3457 | D        | Noticed a yaktaur
  3461 | D        | Noticed a vampire
  3461 | D        | Killed an ogre mage
  3461 | D        | Reached XP level 12. HP: 99/118 MP: 17/19
  3472 | D        | Killed an ettin
  3476 | D        | Killed a tarantella
  3483 | D        | Killed a yaktaur
  3486 | D        | Killed a vampire
  3642 | D        | Noticed Urug
  3667 | D        | Killed Urug
  3667 | D        | Reached skill level 15 in Fighting
  3823 | D        | Noticed a bog body
  3823 | D        | Noticed a water moccasin
  3823 | D        | Noticed a giant leech
  3823 | D        | Noticed a spiny frog
  3823 | D        | Noticed a red wasp
  3823 | D        | Noticed a bog body
  3828 | D        | Killed a bog body
  3830 | D        | Killed a red wasp
  3830 | D        | Reached skill level 15 in Shields
  3840 | D        | Killed a spiny frog
  3841 | D        | Noticed a bog body
  3847 | D        | Killed a giant leech
  3848 | D        | Killed a water moccasin
  3851 | D        | Killed a bog body
  3853 | D        | Killed a bog body
  3853 | D        | Reached skill level 15 in Armour
  3858 | D        | Noticed a giant leech
  3874 | D        | Killed a giant leech
  3874 | D        | Received a gift from Okawaru
  3884 | D        | Noticed a tarantella
  3884 | D        | Noticed a redback
  3884 | D        | Noticed a redback
  3884 | D        | Noticed a wolf spider
  3884 | D        | Noticed an orb spider
  3888 | D        | Killed a wolf spider
  3889 | D        | Killed a redback
  3890 | D        | Noticed a goliath beetle
  3893 | D        | Killed a redback
  3902 | D        | Killed a tarantella
  3904 | D        | Noticed a jumping spider
  3906 | D        | Killed a jumping spider
  3909 | D        | Killed an orb spider
  3918 | D        | Killed a goliath beetle
  3937 | D        | Noticed a trapdoor spider
  3943 | D        | Killed a trapdoor spider
  3970 | D        | Noticed a hippogriff
  3970 | D        | Noticed a manticore
  3970 | D        | Noticed a sea snake
  3970 | D        | Noticed a merfolk
  3970 | D        | Noticed a snapping turtle
  3970 | D        | Noticed a merfolk
  3970 | D        | Noticed a snapping turtle
  3980 | D        | Killed a snapping turtle
  3987 | D        | Killed a merfolk
  4000 | D        | Killed a snapping turtle
  4003 | D        | Killed a merfolk
  4012 | D        | Killed a sea snake
  4022 | D        | Killed a manticore
  4022 | D        | Reached skill level 15 in Long Blades
  4026 | D        | Killed a hippogriff
  4044 | D        | Noticed a naga warrior
  4044 | D        | Noticed a naga warrior
  4044 | D        | Noticed a naga warrior
  4044 | D        | Noticed a naga mage
  4044 | D        | Noticed a black mamba
  4050 | D        | Noticed an anaconda
  4051 | D        | Killed a black mamba
  4056 | D        | Killed a naga mage
  4058 | D        | Noticed a black mamba
  4077 | D        | Killed a naga warrior
  4088 | D        | Killed a naga warrior
  4104 | D        | Killed a naga warrior
  4116 | D        | Killed an anaconda
  4121 | D        | Killed a black mamba
  4125 | D        | Received a gift from Okawaru
  4405 | D        | Noticed Eustachio
  4450 | D        | Killed Eustachio
  4537 | D        | Noticed a yaktaur captain
  4537 | D        | Noticed a golden dragon
  4537 | D        | Noticed an orc warlord
  4537 | D        | Noticed a yaktaur captain
  4537 | D        | Noticed a white ugly thing
  4537 | D        | Noticed a brown ugly thing
  4537 | D        | Noticed a redback
  4541 | D        | Killed a redback
  4541 | D        | Reached skill level 16 in Shields
  4544 | D        | Noticed an orc warlord
  4545 | D        | Killed a brown ugly thing
  4551 | D        | Noticed a stone giant
  4551 | D        | Killed a white ugly thing
  4553 | D        | Noticed a yaktaur captain
  4556 | D        | Killed a yaktaur captain
  4563 | D        | Noticed a yaktaur captain
  4574 | D        | Noticed a tengu warrior
  4591 | D        | Killed an orc warlord
  4591 | D        | Reached XP level 13. HP: 78/129 MP: 18/23
  4604 | D        | Noticed an ogre mage
  4611 | D        | Killed a golden dragon
  4611 | D        | Received a gift from Okawaru
  4611 | D        | Reached skill level 10 in Invocations
  4618 | D        | Killed a yaktaur captain
  4618 | D        | Reached skill level 15 in Dodging
  4638 | D        | Killed an orc warlord
  4638 | D        | Reached skill level 15 in Unarmed Combat
  4649 | D        | Killed a stone giant
  4661 | D        | Killed a yaktaur captain
  4662 | D        | Noticed a centaur warrior
  4664 | D        | Noticed an ettin
  4667 | D        | Killed a yaktaur captain
  4668 | D        | Noticed a red ugly thing
  4671 | D        | Noticed an orc knight
  4675 | D        | Noticed an orc knight
  4681 | D        | Killed a tengu warrior
  4688 | D        | Killed an ogre mage
  4688 | D        | Reached skill level 17 in Fighting
  4698 | D        | Killed a centaur warrior
  4705 | D        | Killed an ettin
  4708 | D        | Killed a red ugly thing
  4720 | D        | Killed an orc knight
  4731 | D        | Killed an orc knight
  4749 | D        | Received a gift from Okawaru
  4755 | D        | Got a pair of jewelled boots {god gift}
  4759 | D        | Identified the +2 pair of boots of the Accordion {Str+3 Dex+5} (Okawaru gifted it to you in the Dungeon)
  4959 | D        | Noticed an orc knight
  4959 | D        | Noticed an ogre mage
  4959 | D        | Noticed a centaur warrior
  4959 | D        | Noticed a yaktaur captain
  4959 | D        | Noticed a hill giant
  4959 | D        | Noticed a hill giant
  4959 | D        | Noticed an orc knight
  4968 | D        | Noticed a yaktaur captain
  4980 | D        | Killed an orc knight
  4982 | D        | Killed a hill giant
  4986 | D        | Killed a hill giant
  4987 | D        | Noticed a vault sentinel
  4989 | D        | Noticed a white ugly thing
  4990 | D        | Killed a yaktaur captain
  4991 | D        | Noticed an ogre mage
  4994 | D        | Killed a centaur warrior
  4999 | D        | Noticed an ettin
  4999 | D        | Killed an ogre mage
  5003 | D        | Noticed a giant amoeba
  5007 | D        | Noticed an ironbrand convoker
  5011 | D        | Killed an orc knight
  5012 | D        | Noticed a stone giant
  5017 | D        | Killed a yaktaur captain
  5018 | D        | Noticed a vault warden
  5024 | D        | Killed a vault sentinel
  5028 | D        | Killed a white ugly thing
  5029 | D        | Noticed an ogre mage
  5030 | D        | Noticed an ogre mage
  5036 | D        | Killed an ogre mage
  5041 | D        | Noticed an orc knight
  5043 | D        | Killed an ettin
  5044 | D        | Noticed a boulder beetle
  5046 | D        | Killed a giant amoeba
  5046 | D        | Reached XP level 14. HP: 137/141 MP: 25/25
  5047 | D        | Noticed a deep troll
  5050 | D        | Killed an ironbrand convoker
  5052 | D        | Killed an orc knight
  5057 | D        | Killed a stone giant
  5060 | D        | Killed an ogre mage
  5062 | D        | Killed a vault warden
  5062 | D        | Reached skill level 18 in Shields
  5077 | D        | Killed a boulder beetle
  5082 | D        | Killed a deep troll
  5088 | D        | Killed an ogre mage
  5108 | D        | Received a gift from Okawaru
  5442 | D        | Noticed Ilsuiw
  5442 | D        | Noticed a merfolk
  5442 | D        | Noticed a merfolk
  5442 | D        | Noticed a merfolk aquamancer
  5442 | D        | Noticed a siren
  5442 | D        | Noticed a merfolk
  5442 | D        | Noticed a merfolk aquamancer
  5444 | D        | Noticed a merfolk aquamancer
  5447 | D        | Killed a merfolk aquamancer
  5448 | D        | Noticed a merfolk impaler
  5458 | D        | Killed a merfolk aquamancer
  5459 | D        | Noticed a merfolk impaler
  5462 | D        | Noticed a siren
  5465 | D        | Killed a merfolk aquamancer
  5469 | D        | Killed a siren
  5474 | D        | Noticed a merfolk impaler
  5474 | D        | Killed a merfolk impaler
  5477 | D        | Killed a merfolk
  5478 | D        | Noticed a merfolk javelineer
  5479 | D        | Killed a merfolk
  5486 | D        | Killed a siren
  5488 | D        | Killed a merfolk
  5500 | D        | Killed a merfolk javelineer
  5511 | D        | Killed a merfolk impaler
  5517 | D        | Killed a merfolk impaler
  5553 | D        | Killed Ilsuiw
  5568 | D        | Got a barnacled rune of Zot
  5781 | D        | Noticed a greater naga
  5781 | D        | Noticed a greater naga
  5781 | D        | Noticed a naga warrior
  5781 | D        | Noticed a naga warrior
  5781 | D        | Noticed a naga
  5781 | D        | Noticed a greater naga
  5781 | D        | Noticed a greater naga
  5788 | D        | Killed a greater naga
  5790 | D        | Noticed a naga
  5798 | D        | Noticed a naga
  5798 | D        | Killed a greater naga
  5799 | D        | Noticed a guardian serpent
  5799 | D        | Killed a naga
  5805 | D        | Killed a greater naga
  5806 | D        | Noticed a naga
  5810 | D        | Noticed a guardian serpent
  5810 | D        | Killed a greater naga
  5820 | D        | Killed a naga warrior
  5821 | D        | Killed a naga
  5821 | D        | Reached skill level 19 in Shields
  5824 | D        | Killed a guardian serpent
  5830 | D        | Noticed a greater naga
  5830 | D        | Killed a naga warrior
  5835 | D        | Killed a guardian serpent
  5838 | D        | Killed a naga
  5850 | D        | Killed a greater naga
  5850 | D        | Received a gift from Okawaru
  5852 | D        | Killed a naga
  5856 | D        | Got an ancient falchion {god gift}
  5858 | D        | Got a serpentine rune of Zot
  6242 | D        | Noticed an emperor scorpion
  6242 | D        | Noticed an emperor scorpion
  6242 | D        | Noticed a demonic crawler
  6242 | D        | Noticed a wolf spider
  6242 | D        | Noticed an emperor scorpion
  6264 | D        | Killed an emperor scorpion
  6267 | D        | Killed a wolf spider
  6271 | D        | Killed a demonic crawler
  6278 | D        | Killed a ghost moth
  6279 | D        | Noticed a demonic crawler
  6289 | D        | Noticed an emperor scorpion
  6293 | D        | Noticed a redback
  6295 | D        | Killed an emperor scorpion
  6299 | D        | Noticed a redback
  6316 | D        | Killed an emperor scorpion
  6321 | D        | Killed a ghost moth
  6327 | D        | Killed a demonic crawler
  6335 | D        | Killed a ghost moth
  6335 | D        | Reached XP level 15. HP: 88/154 MP: 0/29
  6351 | D        | Killed an emperor scorpion
  6354 | D        | Killed a redback
  6356 | D        | Killed a redback
  6360 | D        | Received a gift from Okawaru
  6497 | D        | Noticed a wolf spider
  6507 | D        | Killed a wolf spider
  6513 | D        | Got a gossamer rune of Zot
  6535 | D        | Noticed a bog body
  6535 | D        | Noticed a seven-headed hydra
  6535 | D        | Noticed a swamp dragon
  6535 | D        | Noticed a swamp dragon
  6535 | D        | Noticed a five-headed hydra
  6535 | D        | Noticed a six-headed hydra
  6535 | D        | Noticed a five-headed hydra
  6539 | D        | Noticed a swamp dragon
  6544 | D        | Killed a hydra
  6549 | D        | Killed a four-headed hydra
  6551 | D        | Noticed a swamp dragon
  6554 | D        | Noticed a swamp dragon
  6555 | D        | Killed a hydra
  6560 | D        | Killed a swamp dragon
  6567 | D        | Killed a swamp dragon
  6573 | D        | Killed a two-headed hydra
  6574 | D        | Noticed a six-headed hydra
  6576 | D        | Killed a bog body
  6577 | D        | Noticed a swamp dragon
  6581 | D        | Noticed an eight-headed hydra
  6583 | D        | Killed a swamp dragon
  6583 | D        | Reached skill level 20 in Shields
  6585 | D        | Killed a swamp dragon
  6591 | D        | Killed a swamp dragon
  6601 | D        | Killed a one-headed hydra
  6604 | D        | Killed a swamp dragon
  6604 | D        | Received a gift from Okawaru
  6610 | D        | Killed a five-headed hydra
  6622 | D        | Got a decaying rune of Zot
  6711 | D        | Noticed a vault guard
  6711 | D        | Noticed a vault guard
  6711 | D        | Noticed a vault guard
  6711 | D        | Noticed a vault guard
  6711 | D        | Noticed a vault guard
  6711 | D        | Noticed a vault guard
  6711 | D        | Noticed a vault guard
  6724 | D        | Killed a vault guard
  6730 | D        | Killed a vault guard
  6740 | D        | Killed a vault guard
  6746 | D        | Killed a vault guard
  6755 | D        | Killed a vault guard
  6756 | D        | Noticed a vault guard
  6760 | D        | Killed a vault guard
  6766 | D        | Killed a vault guard
  6766 | D        | Reached skill level 15 in Invocations
  6774 | D        | Killed a vault guard
  6786 | D        | Noticed a vault guard
  6794 | D        | Noticed a vault guard
  6796 | D        | Killed a vault guard
  6799 | D        | Noticed a vault guard
  6807 | D        | Killed a vault guard
  6813 | D        | Killed a vault guard
  6823 | D        | Noticed a vault guard
  6824 | D        | Noticed a vault guard
  6825 | D        | Noticed a vault guard
  6826 | D        | Noticed a vault guard
  6827 | D        | Noticed a vault guard
  6829 | D        | Noticed a vault guard
  6836 | D        | Killed a vault guard
  6836 | D        | Received a gift from Okawaru
  6847 | D        | Noticed a vault guard
  6848 | D        | Killed a vault guard
  6851 | D        | Killed a vault guard
  6857 | D        | Killed a vault guard
  6859 | D        | Noticed a vault guard
  6864 | D        | Killed a vault guard
  6875 | D        | Killed a vault guard
  6882 | D        | Killed a vault guard
  6891 | D        | Killed a vault guard
  6892 | D        | Noticed a vault guard
  6893 | D        | Noticed a vault guard
  6894 | D        | Noticed a vault guard
  6895 | D        | Noticed a vault guard
  6896 | D        | Noticed a vault guard
  6900 | D        | Noticed a vault guard
  6901 | D        | Killed a vault guard
  6912 | D        | Killed a vault guard
  6912 | D        | Reached skill level 21 in Shields
  6917 | D        | Killed a vault guard
  6921 | D        | Killed a vault guard
  6927 | D        | Killed a vault guard
  6937 | D        | Killed a vault guard
  6944 | D        | Received a gift from Okawaru
  6999 | D        | Noticed an ironbrand convoker
  6999 | D        | Noticed a golden dragon
  6999 | D        | Noticed an ironbrand convoker
  6999 | D        | Noticed a yaktaur
  6999 | D        | Noticed an ironheart preserver
  6999 | D        | Noticed an orc knight
  6999 | D        | Noticed a vault sentinel
  7001 | D        | Noticed an iron troll
  7006 | D        | Killed a vault sentinel
  7007 | D        | Noticed a vault sentinel
  7019 | D        | Killed an ironheart preserver
  7020 | D        | Killed an orc knight
  7022 | D        | Noticed a stone giant
  7024 | D        | Noticed a yaktaur captain
  7026 | D        | Killed a yaktaur
  7028 | D        | Killed an ironbrand convoker
  7029 | D        | Noticed a shadow dragon
  7041 | D        | Killed a golden dragon
  7043 | D        | Killed an ironbrand convoker
  7044 | D        | Noticed a red wasp
  7045 | D        | Noticed a shadow dragon
  7050 | D        | Killed an iron troll
  7051 | D        | Noticed a giant slug
  7055 | D        | Noticed an ironheart preserver
  7065 | D        | Killed a vault sentinel
  7065 | D        | Killed an ironheart preserver
  7066 | D        | Noticed an ogre mage
  7072 | D        | Killed a stone giant
  7072 | D        | Reached XP level 16. HP: 141/167 MP: 31/31
  7076 | D        | Killed a yaktaur captain
  7090 | D        | Killed a shadow dragon
  7094 | D        | Killed a red wasp
  7108 | D        | Killed a shadow dragon
  7112 | D        | Killed a giant slug
  7116 | D        | Killed an ogre mage
  7129 | D        | Received a gift from Okawaru
  7141 | D        | Identified the Disquisition on Arcane Weapons and Fire (You found it in the Dungeon)
  7232 | D        | Noticed a vault sentinel
  7232 | D        | Noticed a shadow dragon
  7232 | D        | Noticed an orc knight
  7232 | D        | Noticed an ancient lich
  7232 | D        | Noticed a golden dragon
  7232 | D        | Noticed a shadow dragon
  7232 | D        | Noticed an orc knight
  7235 | D        | Noticed a shadow dragon
  7240 | D        | Killed an orc knight
  7241 | D        | Noticed an ogre mage
  7251 | D        | Killed a shadow dragon
  7255 | D        | Noticed a Brimstone Fiend
  7259 | D        | Killed a golden dragon
  7259 | D        | Reached skill level 22 in Fighting
  7260 | D        | Paralysed by an ancient lich for 2 turns
  7273 | D        | Killed an ancient lich
  7275 | D        | Killed an orc knight
  7280 | D        | Killed a shadow dragon
  7284 | D        | Killed a vault sentinel
  7288 | D        | Killed a shadow dragon
  7290 | D        | Killed an ogre mage
  7296 | D        | Got a silver rune of Zot
  7592 | D        | Got the amulet "Cliel" {Gourm Str+5 Int+2}
  7594 | D        | Got the amulet of Cyrhauli {Faith rC-}
  7617 | D        | Got the amulet "Bemuatoh" {+Rage Dex+2 Int+3}
  7619 | D        | Got the ring of Trinot {rPois Str-1 Int+4}
  7624 | D        | Got the ring of Ekleweq {+Rage rF- rN+ MR Str+1 Int+1}
  7650 | D        | Got the +4 plate armour of Freedom {rF++ Stlth+}
  7726 | D        | Noticed Mara
  7726 | D        | Noticed Nikola
  7726 | D        | Noticed Louise
  7733 | D        | Noticed Norris
  7736 | D        | Killed Mara
  7743 | D        | Killed Nikola
  7764 | D        | Killed Norris
  7770 | D        | Noticed Mennas
  7779 | D        | Killed Mennas
  7779 | D        | Received a gift from Okawaru
  7782 | D        | Noticed Margery
  7787 | D        | Noticed Frederick
  7790 | D        | Noticed a storm dragon
  7791 | D        | Noticed a hell knight
  7809 | D        | Killed Margery
  7809 | D        | Reached skill level 23 in Fighting
  7823 | D        | Killed Frederick
  7823 | D        | Received a gift from Okawaru
  7824 | D        | Got a dazzling double sword {god gift}
  7830 | D        | Killed Louise
  7834 | D        | Killed a hell knight
  7836 | D        | Noticed a necromancer
  7839 | D        | Noticed Xtahua
  7846 | D        | Killed a hell knight
  7850 | D        | Killed a necromancer
  7862 | D        | Killed Xtahua
  7871 | D        | Identified the +7,+3 double sword "Stru Cae" {antimagic, +Inv MR++ Dex-3 Int+2} (Okawaru gifted it to you in the Dungeon)
  7871 | D        | Identified the +7,+3 double sword "Stru Cae" {antimagic, +Inv MR++ Dex-3 Int+2} (Okawaru gifted it to you in the Dungeon)
  7935 | D        | Noticed Boris
  7961 | D        | Killed Boris
  7961 | D        | Received a gift from Okawaru
  7961 | D        | Reached XP level 17. HP: 180/180 MP: 27/33
  7962 | D        | Got a pair of twisted boots {god gift}
  7966 | D        | Identified the +0 pair of boots of the Shore {Str-2 Dex+3} (Okawaru gifted it to you in the Dungeon)
  7984 | D        | Noticed Jory
  8005 | D        | Killed Jory
  8055 | D        | Noticed a vampire
  8055 | D        | Noticed a hungry ghost
  8055 | D        | Noticed a hippogriff
  8055 | D        | Noticed a hill giant
  8055 | D        | Noticed a brain worm
  8055 | D        | Noticed a fire dragon
  8062 | D        | Killed a fire dragon
  8064 | D        | Noticed a basilisk
  8067 | D        | Killed a brain worm
  8070 | D        | Killed a hill giant
  8077 | D        | Killed a hippogriff
  8079 | D        | Killed a hungry ghost
  8080 | D        | Noticed a centaur warrior
  8081 | D        | Killed a vampire
  8083 | D        | Killed a basilisk
  8086 | D        | Killed a centaur warrior
  8104 | D        | Noticed a white draconian
  8104 | D        | Noticed a golden dragon
  8104 | D        | Noticed a storm dragon
  8104 | D        | Noticed a fire dragon
  8104 | D        | Noticed an ice dragon
  8104 | D        | Noticed a bone dragon
  8104 | D        | Noticed an ice dragon
  8112 | D        | Killed an ice dragon
  8113 | D        | Noticed a pale draconian
  8115 | D        | Noticed a black draconian
  8121 | D        | Killed a bone dragon
  8122 | D        | Noticed a black draconian
  8125 | D        | Killed an ice dragon
  8125 | D        | Reached skill level 24 in Shields
  8134 | D        | Killed a fire dragon
  8136 | D        | Noticed a golden dragon
  8141 | D        | Killed a storm dragon
  8145 | D        | Killed a golden dragon
  8147 | D        | Noticed a white draconian
  8161 | D        | Killed a white draconian
  8168 | D        | Killed a pale draconian
  8173 | D        | Killed a black draconian
  8179 | D        | Killed a black draconian
  8185 | D        | Killed a golden dragon
  8192 | D        | Killed a white draconian
  8359 | D        | Noticed a white draconian shifter
  8359 | D        | Noticed a tentacled monstrosity
  8359 | D        | Noticed a moth of wrath
  8359 | D        | Noticed a purple draconian scorcher
  8359 | D        | Noticed a moth of wrath
  8359 | D        | Noticed a tentacled monstrosity
  8359 | D        | Noticed a yellow draconian knight
  8367 | D        | Killed a moth of wrath
  8371 | D        | Killed a yellow draconian knight
  8377 | D        | Killed a tentacled monstrosity
  8377 | D        | Received a gift from Okawaru
  8382 | D        | Killed a purple draconian scorcher
  8386 | D        | Killed a moth of wrath
  8390 | D        | Killed a tentacled monstrosity
  8398 | D        | Killed a white draconian shifter
  8435 | D        | Noticed a moth of wrath
  8435 | D        | Noticed a fire dragon
  8435 | D        | Noticed a white draconian shifter
  8435 | D        | Noticed a moth of wrath
  8435 | D        | Noticed a fire dragon
  8435 | D        | Noticed a white draconian
  8435 | D        | Noticed a pale draconian caller
  8436 | D        | Noticed a grey draconian scorcher
  8436 | D        | Killed a moth of wrath
  8444 | D        | Killed a pale draconian caller
  8453 | D        | Killed a white draconian
  8461 | D        | Killed a fire dragon
  8462 | D        | Killed a moth of wrath
  8462 | D        | Reached skill level 25 in Shields
  8468 | D        | Killed a fire dragon
  8472 | D        | Killed a grey draconian scorcher
  8487 | D        | Killed a white draconian shifter
  8517 | D        | Noticed a mottled draconian monk
  8517 | D        | Noticed a red draconian
  8517 | D        | Noticed a mottled draconian
  8517 | D        | Noticed a curse toe
  8517 | D        | Noticed a grey draconian zealot
  8517 | D        | Noticed a storm dragon
  8527 | D        | Killed a storm dragon
  8528 | D        | Killed a ghost moth
  8529 | D        | Noticed a pale draconian
  8535 | D        | Killed a grey draconian zealot
  8535 | D        | Received a gift from Okawaru
  8536 | D        | Noticed a mottled draconian
  8544 | D        | Killed a curse toe
  8547 | D        | Killed a mottled draconian monk
  8550 | D        | Killed a mottled draconian
  8554 | D        | Killed a red draconian
  8555 | D        | Killed a pale draconian
  8558 | D        | Killed a mottled draconian
  8781 | D        | Noticed a fire dragon
  8781 | D        | Noticed a storm dragon
  8781 | D        | Noticed a black draconian scorcher
  8781 | D        | Noticed a pale draconian
  8781 | D        | Noticed a grey draconian
  8781 | D        | Noticed a grey draconian
  8781 | D        | Noticed a golden dragon
  8787 | D        | Noticed a moth of wrath
  8794 | D        | Killed a golden dragon
  8795 | D        | Noticed a white draconian
  8803 | D        | Killed a grey draconian
  8810 | D        | Killed a grey draconian
  8825 | D        | Killed a pale draconian
  8833 | D        | Killed a black draconian scorcher
  8835 | D        | Killed a storm dragon
  8835 | D        | Reached XP level 18. HP: 153/194 MP: 35/35
  8845 | D        | Killed a fire dragon
  8848 | D        | Killed a moth of wrath
  8851 | D        | Killed a white draconian
  9028 | D        | Noticed an Orb Guardian
  9028 | D        | Noticed an Orb Guardian
  9028 | D        | Noticed an Orb Guardian
  9028 | D        | Noticed an Orb Guardian
  9028 | D        | Noticed an Orb Guardian
  9028 | D        | Noticed an Orb Guardian
  9028 | D        | Noticed an Orb Guardian
  9038 | D        | Killed an Orb Guardian
  9048 | D        | Killed an Orb Guardian
  9048 | D        | Received a gift from Okawaru
  9049 | D        | Got an encrusted falchion {god gift}
  9054 | D        | Killed an Orb Guardian
  9055 | D        | Noticed an Orb Guardian
  9061 | D        | Killed an Orb Guardian
  9061 | D        | Reached skill level 26 in Fighting
  9062 | D        | Noticed an Orb Guardian
  9067 | D        | Killed an Orb Guardian
  9068 | D        | Noticed an Orb Guardian
  9072 | D        | Killed an Orb Guardian
  9088 | D        | Killed an Orb Guardian
  9092 | D        | Killed an Orb Guardian
  9101 | D        | Killed an Orb Guardian
  9109 | D        | Killed an Orb Guardian
  9116 | D        | Noticed an Orb Guardian
  9116 | D        | Noticed a moth of wrath
  9116 | D        | Noticed a pale draconian
  9116 | D        | Noticed an Orb Guardian
  9116 | D        | Noticed an Orb Guardian
  9116 | D        | Noticed a moth of wrath
  9116 | D        | Noticed a moth of wrath
  9118 | D        | Killed a moth of wrath
  9119 | D        | Noticed an Orb Guardian
  9121 | D        | Killed a moth of wrath
  9126 | D        | Killed an Orb Guardian
  9132 | D        | Killed an Orb Guardian
  9144 | D        | Killed a pale draconian
  9147 | D        | Killed a moth of wrath
  9147 | D        | Received a gift from Okawaru
  9153 | D        | Killed an Orb Guardian
  9161 | D        | Killed an Orb Guardian
  9172 | D        | Noticed an ancient lich
  9180 | D        | Killed an ancient lich
  9183 | D        | Noticed an orb of fire
  9183 | D        | Gained mutation: Your body is slowly deteriorating. [an orb of fire]
  9194 | D        | Gained mutation: You tend to lose your temper in combat. [an orb of fire]
  9195 | D        | Killed an orb of fire
  9195 | D        | Reached skill level 27 in Fighting
  9195 | D        | Reached skill level 27 in Long Blades
  9195 | D        | Reached skill level 27 in Armour
  9195 | D        | Reached skill level 27 in Shields
  9196 | D        | Lost mutation: You tend to lose your temper in combat. [potion of cure mutation]
  9196 | D        | Lost mutation: Your body is slowly deteriorating. [potion of cure mutation]
  9198 | D        | Noticed an electric golem
  9211 | D        | Killed an electric golem
  9412 | D        | Noticed a golden dragon
  9412 | D        | Noticed an orb of fire
  9412 | D        | Noticed an electric golem
  9412 | D        | Noticed a moth of wrath
  9412 | D        | Noticed a tentacled monstrosity
  9412 | D        | Noticed an Orb Guardian
  9412 | D        | Noticed an ancient lich
  9421 | D        | Killed an ancient lich
  9422 | D        | Noticed an orb of fire
  9425 | D        | Killed a tentacled monstrosity
  9426 | D        | Noticed a moth of wrath
  9434 | D        | Killed an Orb Guardian
  9437 | D        | Killed a moth of wrath
  9438 | D        | Noticed an orb of fire
  9439 | D        | Noticed a Killer Klown
  9439 | D        | Gained mutation: You have a fast metabolism. [an orb of fire]
  9440 | D        | Noticed a moth of wrath
  9449 | D        | Gained mutation: You digest meat inefficiently. [an orb of fire]
  9451 | D        | Killed an orb of fire
  9451 | D        | Reached XP level 19. HP: 207/207 MP: 33/37
  9456 | D        | Noticed a grey draconian
  9458 | D        | Killed a golden dragon
  9459 | D        | Noticed a Killer Klown
  9469 | D        | Gained mutation: You have a very fast metabolism. [an orb of fire]
  9475 | D        | Killed an orb of fire
  9475 | D        | Reached skill level 27 in Dodging
  9475 | D        | Reached skill level 27 in Unarmed Combat
  9478 | D        | Killed a moth of wrath
  9485 | D        | Killed an orb of fire
  9497 | D        | Killed a Killer Klown
  9497 | D        | Received a gift from Okawaru
  9497 | D        | Reached skill level 27 in Invocations
  9497 | D        | Reached skill level 1 in Evocations
  9501 | D        | Killed a moth of wrath
  9507 | D        | Killed a grey draconian
  9516 | D        | Killed a Killer Klown
  9537 | D        | Killed an electric golem
  9715 | D        | Noticed a moth of wrath
  9715 | D        | Noticed an Orb Guardian
  9715 | D        | Noticed an Orb Guardian
  9715 | D        | Noticed an Orb Guardian
  9715 | D        | Noticed an Orb Guardian
  9715 | D        | Noticed an Orb Guardian
  9715 | D        | Noticed an Orb Guardian
  9719 | D        | Killed an Orb Guardian
  9723 | D        | Killed an Orb Guardian
  9725 | D        | Killed an Orb Guardian
  9730 | D        | Killed an Orb Guardian
  9730 | D        | Reached skill level 15 in Evocations
  9741 | D        | Killed an Orb Guardian
  9747 | D        | Killed an Orb Guardian
  9748 | D        | Noticed an Orb Guardian
  9751 | D        | Killed a moth of wrath
  9752 | D        | Noticed an Orb Guardian
  9753 | D        | Noticed an Orb Guardian
  9762 | D        | Killed an Orb Guardian
  9762 | D        | Received a gift from Okawaru
  9772 | D        | Killed an Orb Guardian
  9776 | D        | Killed an Orb Guardian
  9777 | D        | Noticed an Orb Guardian
  9778 | D        | Noticed an Orb Guardian
  9779 | D        | Noticed a moth of wrath
  9780 | D        | Noticed an Orb Guardian
  9789 | D        | Killed an Orb Guardian
  9797 | D        | Killed an Orb Guardian
  9799 | D        | Killed a moth of wrath
  9802 | D        | Killed an Orb Guardian
  9838 | D        | Got the Orb of Zot
 10128 | D        | Noticed Tyenu the pandemonium lord
 10147 | D        | Killed Tyenu the pandemonium lord
 10294 | D        | Noticed Plog the pandemonium lord
 10301 | D        | Killed Plog the pandemonium lord
 10348 | D        | Reached XP level 20. HP: 216/216 MP: 40/40
 10358 | D        | Noticed Stide the pandemonium lord
 10362 | D        | Noticed Kovaam Eprae the pandemonium lord
 10368 | D        | Killed Stide the pandemonium lord
 10379 | D        | Paralysed by a giant eyeball for 4 turns
 10386 | D        | Killed Kovaam Eprae the pandemonium lord
 10465 | D        | Meowch: This level looks like centepede.
 10476 | D        | Noticed Thiwn the pandemonium lord
 10480 | D        | Killed Thiwn the pandemonium lord
 10500 | D        | Received a gift from Okawaru
 10500 | D        | Reached skill level 27 in Evocations
 10543 | D        | Reached skill level 5 in Stealth
 10667 | D        | Reached skill level 10 in Stealth
 10694 | D        | Noticed Puijof the pandemonium lord
 10707 | D        | Killed Puijof the pandemonium lord
 10796 | D        | Noticed Brirah the pandemonium lord
 10808 | D        | Killed Brirah the pandemonium lord
 10810 | D        | Reached skill level 15 in Stealth
 11170 | D        | Noticed Hoicw the pandemonium lord
 11179 | D        | Killed Hoicw the pandemonium lord
 11433 | D        | Gained mutation: Your vision is a little blurry. [a cacodemon]
 11481 | D        | Noticed Axtausucs the pandemonium lord
 11510 | D        | Killed Axtausucs the pandemonium lord
 11510 | D        | Received a gift from Okawaru
 11653 | D        | Noticed Zymnerun the pandemonium lord
 11662 | D        | Killed Zymnerun the pandemonium lord
 11765 | D        | Noticed Foreq the pandemonium lord
 11796 | D        | Killed Foreq the pandemonium lord
 11796 | D        | Reached XP level 21. HP: 174/224 MP: 1/40
 11958 | D        | Reached skill level 27 in Stealth
 12585 | D        | Noticed Hyotwypu the pandemonium lord
 12596 | D        | Killed Hyotwypu the pandemonium lord
 12657 | D        | Received a gift from Okawaru
 12729 | D        | Noticed Mytuwa Zagi the pandemonium lord
 12745 | D        | Killed Mytuwa Zagi the pandemonium lord
 13747 | D        | Noticed Lururo the pandemonium lord
 13761 | D        | Killed Lururo the pandemonium lord
 13761 | D        | Received a gift from Okawaru
 14131 | D        | Reached skill level 27 in Throwing
 14137 | D        | Gained mutation: Your magical capacity is low (-10% MP). [a cacodemon]
 14182 | D        | Noticed Kibbeahe the pandemonium lord
 14185 | D        | Reached skill level 5 in Spellcasting
 14199 | D        | Killed Kibbeahe the pandemonium lord
 14199 | D        | Received a gift from Okawaru
 14498 | D        | Reached skill level 10 in Spellcasting
 14870 | D        | Noticed Wekleidi the pandemonium lord
 14871 | D        | Reached XP level 22. HP: 101/233 MP: 36/36
 15583 | D        | Killed Wekleidi the pandemonium lord
 15583 | D        | Reached skill level 15 in Spellcasting
 15608 | D        | Noticed Pnity the pandemonium lord
 15615 | D        | Killed Pnity the pandemonium lord
 15638 | D        | Gained mutation: Your body is slowly deteriorating. [a cacodemon]
 15686 | D        | Escaped with the Orb!

Action                   |  1- 3 |  4- 6 |  7- 9 | 10-12 | 13-15 | 16-18 | 19-21 | 22-24 || total
-------------------------+-------+-------+-------+-------+-------+-------+-------+-------++-------
Melee: Short sword       |    38 |       |       |       |       |       |       |       ||    38
       Scimitar          |    11 |    28 |   119 |   647 |   128 |       |       |       ||   933
       Unarmed           |       |       |       |    15 |       |       |       |       ||    15
       Long sword        |       |       |       |       |   112 |       |       |       ||   112
       Double sword      |       |       |       |       |   522 |   651 |   881 |   118 ||  2172
       Cutlass           |       |       |       |       |    37 |       |       |       ||    37
Invok: Heroism           |       |     1 |     3 |    13 |    10 |    10 |     2 |       ||    39
       Finesse           |       |       |       |     1 |     3 |     5 |     1 |       ||    10
Evoke: Wand              |       |       |     1 |       |       |       |       |       ||     1
  Use: Potion            |       |       |       |     4 |     2 |     4 |    18 |       ||    28
       Scroll            |       |       |       |       |       |    13 |       |       ||    13
 Stab: Distracted        |       |       |       |       |       |       |     1 |       ||     1
